 Dungeon Crawl Stone Soup version 0.16.2-2-g470672f (webtiles) character file.

79 CrazyArbalest the Bolt Thrower (level 4, -7/36 HPs)
             Began as a Centaur Hunter on Aug 22, 2015.
             Killed from afar by Jessica (10 damage)
             ... with a wand of frost
             ... on level 2 of the Dungeon.
             The game lasted 00:07:39 (1375 turns).

CrazyArbalest the Bolt Thrower (Centaur Hunter)     Turns: 1375, Time: 00:07:39

Health: -7/36      AC:  6    Str: 14    XL:     4   Next: 17%
Magic:  3/3        EV:  8    Int: 10    God:
Gold:   70         SH:  0    Dex: 11    Spells: 0 memorised, 3 levels left

rFire  . . .     SeeInvis .     w - -1 hammer (curse)
rCold  . . .     Clarity  .     p - +0 ring mail
rNeg   . . .     SustAb   .     (no shield)
rPois  .         Gourm    .     (no helmet)
rElec  .         Spirit   .     s - +0 cloak {+Inv}
rCorr  .         Warding  .     (no gloves)
rMut   .         Stasis   .     (no barding)
MR     .....                    (no amulet)
Stlth  +.........               (no ring)
                                k - ring of stealth

@: very quick, not resistant to hostile enchantments, very unstealthy
A: hooves 3, deformed body, speed 2, tough skin 3
a: Evoke Invisibility


You were on level 2 of the Dungeon.
You were not hungry.

You visited 1 branch of the dungeon, and saw 2 of its levels.

You collected 70 gold pieces.

Inventory:

Hand weapons
 a - a +0 hammer
 b - a +1 hand crossbow
 h - a +1 short sword of protection
 u - a +2 quarterstaff of chaos
 v - a +0 hammer
 w - a cursed -1 hammer (weapon)
 x - a +0 hammer
 y - a +0 hammer
 z - a +0 hammer
 A - a +0 hammer
 B - a +0 hammer
 C - a +0 hammer
 D - a +0 hammer
 E - a +0 hammer
 F - a +0 hammer
 G - a +0 hammer
 H - a +0 hammer
 I - a cursed -2 hammer
Missiles
 c - 88 bolts
Armour
 d - a +0 leather armour
 p - a +0 ring mail (worn)
 s - a +0 cloak of invisibility (worn)
Jewellery
 k - a ring of stealth (left hand)
Scrolls
 j - 2 scrolls of random uselessness
 l - a scroll of blinking
 n - a scroll of teleportation
 q - 2 scrolls of noise
Potions
 g - a potion of heal wounds {unknown}
 i - a potion of magic {unknown}
 m - a potion of ambrosia {unknown}
 o - a potion of haste {unknown}
Comestibles
 f - a bread ration
 r - a meat ration
 t - 3 chunks of flesh


   Skills:
 + Level 2.0 Fighting
 + Level 0.3 Short Blades
 * Level 5.8 Crossbows
 + Level 0.5 Armour
 + Level 1.6 Dodging
 + Level 0.6 Stealth


You had 3 spell levels left.
You didn't know any spells.

Dungeon Overview and Level Annotations

Branches:
Dungeon (2/15)

Altars:
Xom
Yredelemnul

Annotations:
D:2 Jessica, Sigmund


Innate Abilities, Weirdness & Mutations

You have hooves in place of feet.
Armour fits poorly on your strangely shaped body.
You cover ground very quickly.
You have extremely tough skin (AC +3).


Message History

You see here a club.
Unknown command.
You start resting.
HP restored.
Jessica the Apprentice Sorceress comes into view.
Jessica shouts!
Jessica picks up a fuming black potion.
Jessica zaps a wand.
The puff of frost hits you!
It is a wand of frost.
Jessica zaps a wand.
The puff of frost hits you!
Your ring mail prevents you from hitting Jessica.
Jessica hits you but does no damage.
You closely miss Jessica.
Jessica zaps a wand.
The puff of frost hits you!
* * * LOW HITPOINT WARNING * * *
Jessica zaps a wand.
The puff of frost hits you!
* * * LOW HITPOINT WARNING * * *
Read which item? (? for menu, Esc to quit)
Okay, then.
You aren't carrying any items that can be evoked.
Jessica zaps a wand.
The puff of frost hits you!
You die...

#.....####.....
#...##..#.)....
########.#....#
######## #### ##
####..################.
#.............)........
#.#@........###.######[
....#...@.....# ### #.
#.............# #.
#.####.......## ##
######### #


You could see Jessica.

Vanquished Creatures
  Crazy Yiuf (D:2)
  Ijyb (D:2)
  An adder (D:2)
  2 giant geckos
  2 giant cockroaches (D:1)
  2 goblins (D:1)
  6 hobgoblins
  A bat (D:1)
  2 giant newts (D:1)
  4 kobolds (D:1)
  3 rats (D:1)
25 creatures vanquished.

Notes
Turn   | Place    | Note
--------------------------------------------------------------
     0 | D:1      | CrazyArbalest, the Centaur Hunter, began the quest for the Orb.
     0 | D:1      | Reached XP level 1. HP: 17/17 MP: 1/1
   173 | D:1      | Reached XP level 2. HP: 12/24 MP: 2/2
   471 | D:1      | Reached skill level 5 in Crossbows
   730 | D:2      | Noticed Sigmund
   793 | D:2      | Reached XP level 3. HP: 24/29 MP: 3/3
   824 | D:2      | Noticed Ijyb
   844 | D:2      | Killed Ijyb
   884 | D:2      | Found a shimmering altar of Xom.
  1078 | D:2      | Found a basalt altar of Yredelemnul.
  1115 | D:2      | Noticed Crazy Yiuf
  1163 | D:2      | Killed Crazy Yiuf
  1163 | D:2      | Reached XP level 4. HP: 36/36 MP: 3/3
  1365 | D:2      | Noticed Jessica
  1375 | D:2      | Killed from afar by Jessica

Action                   |  1- 3 |  4- 6 || total
-------------------------+-------+-------++-------
Melee: Short sword       |    71 |       ||    71
       Hammer            |       |     8 ||     8
 Fire: Hand crossbow     |    43 |       ||    43
  Use: Scroll            |       |     4 ||     4
  Eat: Chunk             |       |     1 ||     1
